[ AOE2 MATCH · #505070843 ]
UnrankedWu vs Incas
Player's team · WIN
Rival team · LOSS
[ REPLAY ANALYSIS · EXTRACTED FROM THE RECORDED GAME ]
Feudal
11:50
Castle
21:10
Imperial
38:52
| APM avg | 44.4 |
| APM peak | 89 |
| eAPM avg | 19.6 |
| Villagers / military | 150 / 112 |
Focus
⚔️ 33.6% · 🌾 66.4%
Militia ×76 · Archer ×28 · Mangonel ×5 · Unknown (1944) ×4 · Monk ×3
Feudal
12:34
Castle
24:26
Imperial
42:14
| APM avg | 45.0 |
| APM peak | 98 |
| eAPM avg | 26.7 |
| Villagers / military | 110 / 47 |
Focus
⚔️ 28.0% · 🌾 72.0%
Unknown (2550) ×29 · Kamayuk ×19 · Spearman ×15 · Scorpion ×10 · Monk ×2 · Trade Cart ×1
Match map
Initial resources + every placement click. Lines = walls · curves = elevation contours. ◆ gold · ⬟ stone · ● berries · ✦ relic · ◌ wall gap
Your base· Open — unwalled flank
PNAL | Bizantino's base· Open — unwalled flank
Smoothed initial terrain · ◌ = detected wall gap · hover for details
Inputs per minute
— KLOAKAN - - PNAL | Bizantino
Build order — KLOAKAN
First 150 of 435 actions detected
| 0:01 | Queue | Villager (Male) |
| 0:01 | Queue | Villager (Male) |
| 0:02 | Build | House |
| 0:04 | Build | House |
| 0:08 | Queue | Villager (Male) |
| 0:08 | Queue | Villager (Male) |
| 1:26 | Queue | Villager (Male) |
| 1:53 | Build | Lumber Camp |
| 2:10 | Queue | Villager (Male) |
| 2:10 | Queue | Villager (Male) |
| 2:18 | Queue | Villager (Male) |
| 2:50 | Queue | Villager (Male) |
| 3:04 | Queue | Villager (Male) |
| 3:38 | Queue | Villager (Male) |
| 3:53 | Queue | Villager (Male) |
| 4:20 | Build | House |
| 4:24 | Research | Loom |
| 4:24 | Queue | Villager (Male) |
| 4:50 | Build | House |
| 5:04 | Queue | Villager (Male) |
| 5:15 | Queue | Villager (Male) |
| 5:17 | Build | Barracks |
| 5:42 | Build | House |
| 5:46 | Build | Palisade Wall |
| 5:49 | Build | Palisade Wall |
| 5:53 | Queue | Villager (Male) |
| 6:18 | Queue | Villager (Male) |
| 6:25 | Queue | Militia |
| 6:25 | Queue | Militia |
| 6:55 | Queue | Villager (Male) |
| 6:57 | Queue | Villager (Male) |
| 7:04 | Build | Palisade Wall |
| 7:24 | Queue | Villager (Male) |
| 7:46 | Build | Palisade Wall |
| 7:47 | Build | House |
| 7:49 | Queue | Villager (Male) |
| 7:53 | Build | Mill |
| 8:42 | Queue | Villager (Male) |
| 9:40 | Research | Feudal Age |
| 10:02 | Build | Mining Camp |
| 10:42 | Queue | Villager (Male) |
| 10:48 | Build | Farm |
| 10:52 | Build | Farm |
| 11:02 | Build | Farm |
| 11:08 | Build | House |
| 11:35 | Queue | Villager (Male) |
| 11:45 | Build | Mill |
| 11:50 | Age | Feudal Age |
| 11:54 | Build | Archery Range |
| 11:57 | Build | Archery Range |
| 12:16 | Research | Double-Bit Axe |
| 12:28 | Queue | Villager (Male) |
| 12:32 | Build | Blacksmith |
| 12:46 | Queue | Archer |
| 12:46 | Queue | Archer |
| 12:53 | Queue | Archer |
| 12:55 | Queue | Villager (Male) |
| 13:16 | Queue | Villager (Male) |
| 13:19 | Queue | Archer |
| 13:19 | Queue | Archer |
| 13:25 | Build | House |
| 13:27 | Research | Fletching |
| 13:37 | Queue | Villager (Male) |
| 13:54 | Build | Farm |
| 13:57 | Build | Farm |
| 13:58 | Queue | Archer |
| 14:12 | Queue | Villager (Male) |
| 14:25 | Queue | Villager (Male) |
| 14:27 | Queue | Archer |
| 14:40 | Queue | Villager (Male) |
| 14:42 | Queue | Archer |
| 14:42 | Queue | Archer |
| 14:49 | Build | Farm |
| 14:52 | Build | Farm |
| 15:06 | Queue | Archer |
| 15:10 | Build | House |
| 15:13 | Research | Town Watch |
| 15:15 | Build | House |
| 15:43 | Queue | Villager (Male) |
| 15:43 | Queue | Villager (Male) |
| 15:43 | Queue | Villager (Male) |
| 15:44 | Queue | Archer |
| 15:45 | Queue | Archer |
| 15:45 | Queue | Archer |
| 15:59 | Build | Farm |
| 16:03 | Queue | Archer |
| 16:03 | Queue | Archer |
| 16:10 | Build | House |
| 16:12 | Queue | Villager (Male) |
| 16:13 | Queue | Villager (Male) |
| 16:40 | Queue | Archer |
| 16:40 | Queue | Archer |
| 16:53 | Build | Farm |
| 17:18 | Queue | Villager (Male) |
| 17:19 | Queue | Archer |
| 17:20 | Queue | Archer |
| 18:02 | Queue | Villager (Male) |
| 18:15 | Build | House |
| 18:21 | Build | House |
| 18:22 | Build | House |
| 18:23 | Queue | Villager (Male) |
| 18:28 | Research | Wheelbarrow |
| 18:30 | Research | Castle Age |
| 18:55 | Build | Stable |
| 19:06 | Queue | Archer |
| 19:06 | Queue | Archer |
| 19:09 | Research | Padded Archer Armor |
| 19:25 | Build | House |
| 19:43 | Queue | Archer |
| 19:43 | Queue | Archer |
| 20:52 | Queue | Villager (Male) |
| 20:53 | Queue | Villager (Male) |
| 21:10 | Age | Castle Age |
| 21:12 | Research | Crossbowman (upgrade) |
| 21:15 | Research | Bodkin Arrow |
| 21:18 | Queue | Unit 1944 |
| 21:28 | Build | Town Center |
| 21:32 | Research | Bow Saw |
| 21:54 | Queue | Villager (Male) |
| 22:00 | Build | Farm |
| 22:24 | Build | Town Center |
| 22:26 | Queue | Villager (Male) |
| 22:26 | Queue | Villager (Male) |
| 22:47 | Queue | Villager (Male) |
| 22:47 | Queue | Villager (Male) |
| 23:04 | Queue | Unit 1944 |
| 23:20 | Queue | Villager (Male) |
| 23:20 | Queue | Villager (Male) |
| 23:33 | Queue | Unit 1944 |
| 23:37 | Queue | Unit 1944 |
| 24:15 | Build | Farm |
| 24:16 | Build | Farm |
| 24:17 | Build | Farm |
| 24:19 | Build | Farm |
| 24:20 | Build | Farm |
| 24:20 | Queue | Villager (Male) |
| 24:26 | Build | Farm |
| 24:28 | Build | Farm |
| 24:28 | Build | Farm |
| 24:41 | Queue | Villager (Male) |
| 24:41 | Queue | Villager (Male) |
| 24:51 | Queue | Villager (Male) |
| 25:00 | Build | Farm |
| 25:04 | Build | Farm |
| 25:06 | Queue | Villager (Male) |
| 25:18 | Queue | Villager (Male) |
| 25:30 | Build | Farm |
| 25:31 | Queue | Villager (Male) |
| 25:32 | Queue | Villager (Male) |
| 25:32 | Queue | Villager (Male) |
Build order — PNAL | Bizantino
First 150 of 325 actions detected
| 0:02 | Queue | Villager (Male) |
| 0:02 | Queue | Villager (Male) |
| 0:02 | Queue | Villager (Male) |
| 0:04 | Build | House |
| 0:07 | Build | Barracks |
| 0:26 | Queue | Villager (Male) |
| 0:26 | Queue | Villager (Male) |
| 1:02 | Queue | Unit 2550 |
| 1:13 | Queue | Villager (Male) |
| 1:48 | Research | Loom |
| 2:05 | Queue | Villager (Male) |
| 2:08 | Queue | Unit 2550 |
| 2:37 | Queue | Villager (Male) |
| 3:07 | Queue | Villager (Male) |
| 3:13 | Build | House |
| 3:29 | Queue | Villager (Male) |
| 4:09 | Queue | Villager (Male) |
| 4:33 | Queue | Villager (Male) |
| 5:00 | Queue | Villager (Male) |
| 5:38 | Build | Settlement |
| 5:44 | Queue | Villager (Male) |
| 6:06 | Queue | Villager (Male) |
| 6:22 | Queue | Villager (Male) |
| 6:44 | Build | Settlement |
| 6:50 | Queue | Villager (Male) |
| 7:29 | Queue | Villager (Male) |
| 7:31 | Queue | Villager (Male) |
| 7:55 | Queue | Villager (Male) |
| 8:17 | Queue | Villager (Male) |
| 8:22 | Queue | Villager (Male) |
| 8:25 | Queue | Villager (Male) |
| 8:30 | Queue | Villager (Male) |
| 8:51 | Queue | Villager (Male) |
| 9:59 | Research | Feudal Age |
| 11:02 | Build | Settlement |
| 12:01 | Build | Settlement |
| 12:18 | Queue | Villager (Male) |
| 12:24 | Queue | Unit 2550 |
| 12:24 | Queue | Unit 2550 |
| 12:33 | Build | House |
| 12:34 | Age | Feudal Age |
| 12:35 | Build | Palisade Wall |
| 12:57 | Build | Settlement |
| 13:04 | Build | Palisade Wall |
| 13:06 | Build | Palisade Wall |
| 13:07 | Build | Palisade Wall |
| 13:08 | Build | Palisade Wall |
| 13:09 | Build | Palisade Wall |
| 13:21 | Build | Farm |
| 13:22 | Queue | Villager (Male) |
| 13:24 | Research | Double-Bit Axe |
| 13:37 | Queue | Villager (Male) |
| 13:40 | Research | Horse Collar |
| 13:50 | Build | Farm |
| 14:04 | Queue | Villager (Male) |
| 14:12 | Build | Settlement |
| 14:14 | Queue | Villager (Male) |
| 14:17 | Queue | Villager (Male) |
| 14:18 | Queue | Unit 2550 |
| 14:19 | Research | Tech 1402 |
| 14:21 | Queue | Villager (Male) |
| 14:25 | Build | Farm |
| 14:26 | Build | Farm |
| 14:44 | Build | Watch Tower |
| 14:55 | Queue | Villager (Male) |
| 14:58 | Queue | Villager (Male) |
| 15:07 | Queue | Villager (Male) |
| 15:10 | Build | Farm |
| 15:15 | Build | Farm |
| 15:17 | Build | Farm |
| 15:47 | Research | Town Watch |
| 15:57 | Queue | Villager (Male) |
| 16:08 | Build | Farm |
| 16:18 | Queue | Villager (Male) |
| 16:22 | Build | Watch Tower |
| 16:31 | Build | Watch Tower |
| 16:33 | Queue | Villager (Male) |
| 16:40 | Build | Farm |
| 17:10 | Queue | Villager (Male) |
| 17:33 | Queue | Unit 2550 |
| 18:02 | Queue | Villager (Male) |
| 18:22 | Queue | Villager (Male) |
| 18:29 | Queue | Unit 2550 |
| 18:33 | Build | Farm |
| 18:40 | Queue | Villager (Male) |
| 18:47 | Queue | Unit 2550 |
| 19:09 | Queue | Villager (Male) |
| 19:33 | Queue | Unit 2550 |
| 19:34 | Queue | Villager (Male) |
| 19:42 | Build | Blacksmith |
| 19:47 | Build | Market |
| 19:49 | Queue | Villager (Male) |
| 19:59 | Queue | Villager (Male) |
| 20:18 | Build | Palisade Gate |
| 20:23 | Queue | Villager (Male) |
| 20:28 | Queue | Unit 2550 |
| 20:29 | Queue | Villager (Male) |
| 20:37 | Build | Farm |
| 20:37 | Build | Farm |
| 20:43 | Queue | Unit 2550 |
| 20:49 | Build | Barracks |
| 21:27 | Build | House |
| 21:30 | Build | House |
| 21:46 | Research | Castle Age |
| 22:03 | Queue | Unit 2550 |
| 22:03 | Queue | Unit 2550 |
| 22:11 | Build | Farm |
| 22:12 | Build | Farm |
| 22:13 | Build | Farm |
| 22:24 | Build | Palisade Wall |
| 22:30 | Build | House |
| 22:39 | Research | Scale Mail Armor |
| 22:42 | Research | Arson |
| 23:25 | Research | Wheelbarrow |
| 23:43 | Queue | Unit 2550 |
| 23:43 | Queue | Unit 2550 |
| 23:54 | Queue | Villager (Male) |
| 23:58 | Build | House |
| 23:59 | Build | House |
| 24:07 | Queue | Villager (Male) |
| 24:22 | Build | Watch Tower |
| 24:23 | Research | Fletching |
| 24:26 | Age | Castle Age |
| 24:30 | Queue | Villager (Male) |
| 24:47 | Queue | Villager (Male) |
| 24:59 | Queue | Villager (Male) |
| 25:04 | Build | Town Center |
| 25:12 | Queue | Unit 2550 |
| 25:12 | Queue | Unit 2550 |
| 25:17 | Queue | Villager (Male) |
| 25:20 | Queue | Unit 2550 |
| 25:20 | Queue | Unit 2550 |
| 25:37 | Build | House |
| 25:49 | Queue | Spearman |
| 25:49 | Queue | Spearman |
| 25:50 | Queue | Spearman |
| 26:25 | Build | House |
| 26:34 | Queue | Villager (Male) |
| 26:36 | Research | Pikeman (upgrade) |
| 26:37 | Research | Pikeman (upgrade) |
| 26:37 | Queue | Spearman |
| 26:37 | Queue | Spearman |
| 26:37 | Queue | Spearman |
| 26:55 | Build | Siege Workshop |
| 27:16 | Queue | Villager (Male) |
| 27:23 | Queue | Villager (Male) |
| 27:28 | Queue | Villager (Male) |
| 27:51 | Queue | Villager (Male) |
| 27:55 | Build | Farm |
| 27:56 | Build | Farm |
Match timeline
| 0:07 | PNAL | Bizantino · first_building Barracks |
| 5:17 | KLOAKAN · first_building Barracks |
| 5:46 | KLOAKAN · wall_segment Palisade Wall x3 |
| 5:49 | KLOAKAN · wall_segment Palisade Wall x1 |
| 7:04 | KLOAKAN · wall_segment Palisade Wall x1 |
| 7:46 | KLOAKAN · wall_segment Palisade Wall x3 |
| 11:50 | KLOAKAN · age_up feudal |
| 11:54 | KLOAKAN · first_building Archery Range |
| 12:34 | PNAL | Bizantino · age_up feudal |
| 12:35 | PNAL | Bizantino · wall_segment Palisade Wall x3 |
| 13:04 | PNAL | Bizantino · wall_segment Palisade Wall x2 |
| 13:06 | PNAL | Bizantino · wall_segment Palisade Wall x1 |
| 13:07 | PNAL | Bizantino · wall_segment Palisade Wall x1 |
| 13:08 | PNAL | Bizantino · wall_segment Palisade Wall x1 |
| 13:09 | PNAL | Bizantino · wall_segment Palisade Wall x1 |
| 18:55 | KLOAKAN · first_building Stable |
| 21:10 | KLOAKAN · age_up castle |
| 21:41 | PNAL | Bizantino · first_market_buy 100 food |
| 21:44 | PNAL | Bizantino · first_market_sell 100 wood |
| 22:24 | PNAL | Bizantino · wall_segment Palisade Wall x11 |
| 24:26 | PNAL | Bizantino · age_up castle |
| 26:55 | PNAL | Bizantino · first_building Siege Workshop |
| 31:35 | PNAL | Bizantino · first_building Monastery |
| 31:39 | KLOAKAN · first_building Castle |
| 32:28 | KLOAKAN · first_building Monastery |
| 33:26 | PNAL | Bizantino · first_building Castle |
| 34:39 | KLOAKAN · wall_segment Palisade Wall x1 |
| 35:39 | KLOAKAN · first_market_sell 100 wood |
| 36:49 | KLOAKAN · first_building Siege Workshop |
| 37:05 | PNAL | Bizantino · wall_segment Stone Wall x1 |
| 38:52 | KLOAKAN · age_up imperial |
| 39:42 | PNAL | Bizantino · wall_segment Stone Wall x8 |
| 39:46 | PNAL | Bizantino · wall_segment Stone Wall x8 |
| 42:14 | PNAL | Bizantino · age_up imperial |
| 44:18 | PNAL | Bizantino · resign |
[ AI ANALYSIS · 1 CREDIT ]
What really happened in this match?
Wolo.gg analyzes every decision: build order, eco, micro, common mistakes by bracket. Personalized analysis on WhatsApp or Discord in 30 seconds.
Civ guide
Wu
Perfil
Jugador #381421